 Dungeon Crawl Stone Soup version 0.30-a0-870-gc5d4c5acee (webtiles) character file.

Game seed: 3889244800868974902

58 pokeman the Magician (level 3, 0/20 HPs)
             Began as a Deep Elf Hedge Wizard on Mar 11, 2023.
             Slain by a gnoll
             ... wielding a +0 halberd
              (14 damage)
             ... on level 2 of the Dungeon.
             The game lasted 00:02:07 (1132 turns).

pokeman the Magician (Deep Elf Hedge Wizard)        Turns: 1132, Time: 00:02:08

Health: 0/20       AC:  2    Str:  7    XL:     3   Next: 76%
Magic:  3/11       EV: 12    Int: 20    God:
Gold:   45         SH:  0    Dex: 14    Spells: 4/12 levels left

rFire   + . .      SeeInvis .    a - +0 dagger
rCold   . . .      Faith    .    (no shield)
rNeg    . . .      Spirit   .    b - +0 robe
rPois   .          Reflect  .    c - +0 hat
rElec   .          Rampage  .    (no cloak)
rCorr   .                        (no gloves)
Will    .....                    (no boots)
Stlth   ++                       (no amulet)
HPRegen 0.23/turn                j - ring of protection from fire
MPRegen 0.12/turn                (no ring)

@: no status effects
A: no striking features
a: no special abilities


You were on level 2 of the Dungeon.
You visited 1 branch of the dungeon, and saw 2 of its levels.

You collected 45 gold pieces.

Inventory:

Hand Weapons
 a - a +0 dagger (weapon)
Armour
 b - a +0 robe (worn)
 c - a +0 hat (worn)
Jewellery
 j - a ring of protection from fire (left hand)
Scrolls
 i - a scroll of torment {unknown}
 k - a scroll of magic mapping {unknown}
 l - a scroll of brand weapon {unknown}
Potions
 d - a potion of magic
 e - a potion of heal wounds {unknown}
 f - a potion of berserk rage {unknown}
 g - a potion of degeneration {unknown}
 h - 2 potions of lignification {unknown}


   Skills:
 + Level 1.0 Fighting
 + Level 1.0 Armour
 - Level 2.4 Dodging
 - Level 2.4 Stealth
 * Level 5.4 Spellcasting
 + Level 2.0 Conjurations
 - Level 1.1 Summonings
 - Level 1.1 Translocations


You had 4 spell levels left.
You knew the following spells:

 Your Spells              Type           Power      Damage    Failure   Level
a - Magic Dart            Conj           52%        1d5       4%          1
b - Mephitic Cloud        Conj/Pois/Air  8%         N/A       26%         3
c - Call Imp              Summ           9%         N/A       11%         2
d - Blink                 Tloc           18%        N/A       11%         2

Your spell library contained the following spells:

 Spells                   Type           Power      Damage    Failure   Level
 Slow                     Hex            20%        N/A       11%         1
 Cigotuvi's Dreadful Rot  Necr/Pois/Air  10%        N/A       17%         2


Dungeon Overview and Level Annotations

Branches:
Dungeon (2/15)

Altars:


Message History

You hit the gnoll.
The gnoll is almost dead.
The gnoll barely misses your shadow imp.
A ball python comes into view.
Your shadow imp hits the gnoll.
Unknown command.
You barely miss the gnoll.
The gnoll is almost dead.
The gnoll looks very confused.
Your shadow imp hits the gnoll.
The gnoll dies!
Your Fighting skill increases to level 1!
Unknown command.
The gnoll hits you with a +0 spear!
You hit the gnoll.
You kill the gnoll!
Your Armour skill increases to level 1!
Your Conjurations skill increases to level 2!
Unknown command.
Casting: Mephitic Cloud (extremely dangerous; 26% risk of failure)
Confirm with . or Enter, or press ? or * to list all spells.
Aiming: Magic Dart (safe; 4% risk of failure)
Press: ? - help, Shift-Dir - straight line, f - ball python, p - gnoll
Aim: a ball python (100% to hit)
The magic dart hits the ball python.
You kill the ball python!
The gnoll barely misses your shadow imp.
Your shadow imp barely misses the gnoll.
Things that are here:
a +0 spear; a gnoll corpse The gnoll closely misses you.
Your shadow imp hits the gnoll.
You hit the gnoll but do no damage.
The gnoll is severely wounded.
Your shadow imp disappears in a puff of smoke!
The gnoll barely misses you.
You hit the gnoll but do no damage.
The gnoll is severely wounded.
The gnoll hits you with a +0 halberd!
Ouch! That really hurt!
You die...

##### #..... #.....
#### #.....####...
#...##.. .. ##
#...##.# .########...
##...##.##.#..........
#.)...)..@.........[..
#.......g..#.#<####...
##...†<.....#.#5#
#..........##.#....+
##..#'###.####+######
#>.<......#
##........#
##........# #.!#.#.>.#


You could see a gnoll (confused).

Vanquished Creatures
  2 gnolls
  An adder (D:1)
  3 endoplasms (D:1)
  2 goblins (D:1)
  A hobgoblin (D:1)
  5 kobolds (D:1)
  3 ball pythons
  2 bats (D:1)
  2 rats (D:1)
21 creatures vanquished.

Vanquished Creatures (collateral kills)
  A gnoll (D:2)
1 creature vanquished.

Grand Total: 22 creatures vanquished

Notes
Turn   | Place    | Note
-------+----------+-------------------------------------------
     0 | D:1      | pokeman the Deep Elf Hedge Wizard began the quest for the
                  | Orb.
     0 | D:1      | Reached XP level 1. HP: 10/10 MP: 7/7
   298 | D:1      | Reached XP level 2. HP: 8/15 MP: 4/9
   890 | D:1      | Reached skill level 5 in Spellcasting
  1022 | D:1      | Learned a level 2 spell: Call Imp
  1070 | D:1      | Reached XP level 3. HP: 15/20 MP: 6/11
  1074 | D:1      | Learned a level 3 spell: Mephitic Cloud
  1077 | D:1      | Learned a level 2 spell: Blink
  1123 | D:2      | Reached skill level 1 in Fighting
  1126 | D:2      | Reached skill level 1 in Armour
  1132 | D:2      | Slain by a gnoll

Illustrated notes

Levels and vault maps discovered:
D:1:      doesnt_arrival_eight_statues, layout_basic
D:2:      layout_basic

Skill      XL: |  1  2  3 |
---------------+----------+-----
Spellcasting   | 5 |  5.4
Fighting       | 1 |  1.0
Armour         | 1 |  1.0
Conjurations   | 2 |  2.0
Dodging        | |  2.4
Stealth        | |  2.4
Summonings     | |  1.1
Translocations | |  1.1

Action                     || total
---------------------------++-------
  Melee: Dagger            ||    14
   Cast: Magic Dart        ||    50
         Call Imp          ||     2
         Mephitic Cloud    ||     2
   Stab: Confused          ||     2
 Armour: Robe              ||     6
  Dodge: Dodged            ||    22

Table legend: (Time is in decaauts)
 A = Elapsed time spent in this place.
 B = Non-inter-level travel time spent in this place.
 C = Inter-level travel time spent in this place.
 D = Time resting spent in this place.
 E = Time spent auto-exploring this place.
 F = Levels seen in this place.
 G = Mean time per level.
                   A        B        C        D        E       F      G
               +--------+--------+--------+--------+--------+-----+--------+
         Total |   1133 |    981 |    152 |      8 |    821 |   2 |  566.5 |
       Dungeon |   1133 |    981 |    152 |      8 |    821 |   2 |  566.5 |
               +--------+--------+--------+--------+--------+-----+--------+

Top non-repeatable levels by time:
     D:1: 1080 daAuts
     D:2: 53 daAuts
